[Event "25th Abu Dhabi Open 2018"]
[Site "Abu Dhabi"]
[Date "2018.08.15"]
[Round "9"]
[White "Sahithi, Varshini M"]
[Black "Ovezdurdiyeva, Jemal"]
[Result "0-1"]
[ECO "A01"]
[WhiteElo "1728"]
[BlackElo "2041"]
[Annotator "NA"]
[PlyCount "124"]
[EventDate "2018.08.05"]
[EventType "swiss"]
[EventCountry "UAE"]
[SourceTitle "playchess.com"]
[Source "ChessBase"]
[SourceQuality "1"]
[TimeControl "5400+30"]

1. b3 e5 2. Bb2 d6 3. e3 Be6 4. Nf3 Be7 5. c4 f5 6. Nc3 Bf6 7. d4 e4 8. Nd2 Ne7 9. g4 O-O 10. gxf5 Nxf5 11. Ndxe4 Bh4 12. Qd2 Nd7 13. O-O-O Nh6 14. f4 Qe7 15. Rg1 Rae8 16. Bd3 g6 17. Kb1 Bf5 18. d5 Ng4 19. Bc2 Nc5 20. Nxc5 Bxc2+ 21. Qxc2 Nxe3 22. Rxg6+ hxg6 23. Qxg6+ Qg7 24. Qxg7+ Kxg7 25. Rg1+ Kh7 26. Ne6 Rg8 27. Rh1 c6 28. Bc1 Nf5 29. Ne4 Rg2 30. Ba3 cxd5 31. cxd5 Ne3 32. Nxd6 Reg8 33. Nc7 Rg1+ 34. Rxg1 Rxg1+ 35. Bc1 Be7 36. Ndb5 a6 37. d6 Bf6 38. d7 axb5 39. Ne6 Nd5 40. d8=Q Bxd8 41. Nxd8 Nb4 42. Nxb7 Nd3 43. Kc2 Nxc1 44. Nd6 b4 45. Ne4 Nxa2 46. f5 Rg2+ 47. Kd3 Rxh2 48. Kc4 Rh4 49. Kd3 Nc1+ 50. Kc2 Rxe4 51. Kxc1 Kg7 52. Kd2 Kf6 53. Kd3 Kxf5 54. Kd2 Ke5 55. Kd3 Kd5 56. Kd2 Kd4 57. Kc2 Re2+ 58. Kd1 Kd3 59. Kc1 Rh2 60. Kb1 Kc3 61. Ka1 Kxb3 62. Kb1 Rh1# 0-1